AoeStats
← PILLORA

Oasis

509815714Analyzed
3v3 RM · 3d ago on Sep 28, 2026· 78m 29s· 6 players
Game mode
Random Map
Map size
Normal (6 player)
Population
200
Speed
Normal
Resources
Standard
Victory
Conquest
Starting age
Dark Age
Ending age
Imperial Age
RankedLock teamsTeams togetherTeam positionsShared explorationLock speedFull tech treeHidden civsTurbo modeCheats
Victory
Defeat
🇨🇦 Teutons · Canada
786
+15
🇨🇦 Saracens · Canada
771
+16
🇨🇦 Japanese · Canada
769
+16
🇲🇽 Mongols · Mexico
838
-18
🇲🇽 Britons · Mexico
764
-16
🇨🇴 Franks · Colombia
702
-13
Albast6718
0:27 Loom
12:24 Feudal Age
18:40 Castle Age
23:49 Double-Bit Axe
25:11 Bow Saw
25:25 Gold Mining
27:14 Horse Collar
31:01 Fletching
32:41 Heavy Plow
33:57 Wheelbarrow
34:17 Padded Archer Armor
33:43 Elite Skirmisher
35:58 Bodkin Arrow
36:19 Leather Archer Armor
38:41 Hand Cart
41:14 Imperial Age
42:14 Ballistics
43:00 Chemistry
43:18 Ring Archer Armor
43:21 Conscription
43:38 Town Watch
44:56 Fortified Wall
47:06 Forging
46:57 Scale Mail Armor
49:15 Elite Teutonic Knight
51:42 Iron Casting
51:24 Chain Mail Armor
51:33 Ironclad
54:37 Blast Furnace
54:10 Plate Mail Armor
54:18 Squires
54:04 Arson
58:34 Blast Furnace
57:41 Scale Barding Armor
59:12 Crenellations
59:09 Caravan
63:17 Chain Barding Armor
65:13 Cavalier
66:04 Bloodlines
68:48 Two-Man Saw
69:23 Paladin
71:31 Siege Engineers
71:38 Masonry
77:23 Hoardings
III Winston III
10:45 Loom
13:16 Feudal Age
14:49 Double-Bit Axe
19:43 Castle Age
22:27 Bow Saw
22:02 Horse Collar
27:15 Gold Mining
29:09 Wheelbarrow
35:01 Imperial Age
34:39 Fletching
34:43 Elite Skirmisher
36:26 Conscription
37:34 Bodkin Arrow
38:35 Scale Barding Armor
39:36 Husbandry
39:56 Forging
40:14 Padded Archer Armor
41:24 Bloodlines
42:23 Chain Barding Armor
43:56 Iron Casting
43:36 Heavy Plow
44:54 Ballistics
46:44 Hand Cart
47:48 Chemistry
48:14 Leather Archer Armor
49:25 Blast Furnace
49:50 Caravan
50:01 Thumb Ring
52:52 Plate Barding Armor
52:18 Bracer
52:02 Elite Mameluke
57:44 Ring Archer Armor
SuuSamuraii
9:42 Loom
12:35 Feudal Age
13:58 Double-Bit Axe
17:36 Wheelbarrow
22:14 Castle Age
21:16 Stone Mining
25:04 Wheelbarrow
26:27 Fletching
30:29 Bow Saw
33:12 Elite Skirmisher
36:29 Gold Mining
40:16 Fortified Wall
40:20 Thumb Ring
40:20 Padded Archer Armor
41:05 Masonry
41:34 Caravan
42:46 Horse Collar
43:01 Stone Mining
43:38 Forging
44:20 Bodkin Arrow
45:50 Gambesons
46:06 Squires
45:52 Arson
45:28 Pikeman
46:13 Murder Holes
47:51 Iron Casting
50:22 Imperial Age
49:07 Gold Shaft Mining
48:57 Scale Mail Armor
49:13 Leather Archer Armor
50:53 Bloodlines
50:44 Husbandry
51:57 Coinage
51:57 Conscription
53:56 Bracer
54:27 Ring Archer Armor
54:13 Chain Mail Armor
54:59 Blast Furnace
53:31 Cavalier
55:41 Scale Barding Armor
56:31 Hand Cart
59:28 Plate Mail Armor
67:04 Halberdier
69:13 Chain Barding Armor
74:37 Heavy Plow
75:23 Treadmill Crane
76:31 Ballistics
79:00 Parthian Tactics
77:56 Heavy Cavalry Archer
Jaguar_gaming
6:40 Loom
10:07 Feudal Age
10:59 Double-Bit Axe
13:54 Wheelbarrow
14:26 Town Watch
20:38 Arson
21:26 Man-at-Arms
30:50 Castle Age
31:21 Pikeman
32:02 Squires
31:28 Long Swordsman
31:54 Gambesons
38:05 Gold Mining
38:10 Stone Mining
38:31 Forging
38:22 Scale Mail Armor
38:28 Scale Barding Armor
38:25 Padded Archer Armor
38:16 Fletching
38:46 Forging
38:37 Light Cavalry
39:23 Husbandry
40:59 Bodkin Arrow
41:19 Leather Archer Armor
41:26 Chain Barding Armor
41:07 Scale Mail Armor
42:45 Murder Holes
43:22 Caravan
45:33 Gold Shaft Mining
47:53 Coinage
51:50 Imperial Age
50:41 Ordonnance Companies
52:17 Iron Casting
52:26 Cavalier
53:38 Ballistics
53:28 Masonry
53:54 Conscription
56:22 Chivalry
57:20 Chain Mail Armor
59:47 Plate Mail Armor
60:18 Blast Furnace
60:07 Plate Barding Armor
60:44 Chemistry
60:39 Sanctity
60:20 Devotion
60:36 Block Printing
67:09 Fortified Wall
67:30 Architecture
67:34 Hand Cart
67:26 Town Patrol
67:01 Elite Throwing Axeman
68:30 Hoardings
PILLORA
1:43 Loom
10:36 Feudal Age
20:52 Castle Age
20:19 Scale Mail Armor
20:30 Forging
20:43 Arson
22:34 Pikeman
23:14 Squires
28:51 Double-Bit Axe
32:22 Imperial Age
32:09 Crossbowman
33:36 Stone Mining
35:00 Wheelbarrow
34:11 Town Watch
36:58 Hand Cart
39:01 Gold Mining
38:56 Horse Collar
39:03 Halberdier
44:54 Padded Archer Armor
44:44 Fletching
45:34 Iron Casting
45:15 Chain Mail Armor
47:31 Light Cavalry
50:05 Scale Barding Armor
50:15 Leather Archer Armor
49:56 Bodkin Arrow
51:51 Cavalier
52:32 Husbandry
53:45 Chain Barding Armor
53:58 Ring Archer Armor
53:28 Bracer
57:12 Bow Saw
58:13 Plate Barding Armor
57:39 Bracer
58:41 Blast Furnace
58:11 Plate Mail Armor
79:04 Two-Man Saw
Sorrowft
3:33 Loom
9:56 Feudal Age
10:43 Double-Bit Axe
14:46 Forging
14:25 Horse Collar
15:32 Town Watch
17:49 Wheelbarrow
17:40 Scale Barding Armor
21:43 Castle Age
20:56 Gold Mining
23:15 Hand Cart
23:12 Town Patrol
24:02 Heavy Plow
30:33 Bow Saw
31:27 Stone Mining
32:13 Gold Shaft Mining
36:51 Imperial Age
34:28 Fletching
34:38 Padded Archer Armor
36:31 Bodkin Arrow
36:51 Leather Archer Armor
36:59 Chain Barding Armor
38:15 Stone Shaft Mining
38:21 Conscription
38:20 Bracer
38:43 Ballistics
39:23 Chemistry
40:41 Iron Casting
40:31 Onager
43:51 Siege Onager
47:24 Blast Furnace
47:17 Bloodlines
47:11 Husbandry
48:10 Light Cavalry
51:04 Masonry
54:23 Elite Mangudai
54:42 Hussar
59:07 Caravan
70:23 Drill
Connection lost

Rejoining the realm…

Still unreachable

The connection could not be restored.

Session expired

The server has moved on; the page needs a fresh start.